 Dungeon Crawl Stone Soup version 0.31-a0-344-gd109795599 (webtiles) character file.

Game seed: 13305236380444449635

80 drugrobin the Sneak (level 3, -3/30 HPs)
             Began as a Demigod Delver on July 22, 2023.
             Slain by a gnoll
             ... wielding a +1 halberd of protection
              (10 damage)
             ... on level 3 of the Dungeon.
             The game lasted 00:06:54 (3150 turns).

drugrobin the Sneak (Demigod Delver)                Turns: 3150, Time: 00:06:54

Health: -3/30      AC:  6    Str: 17    XL:     3   Next: 98%
Magic:  4/5        EV: 11    Int: 12    God:
Gold:   105        SH:  0    Dex: 15    Spells: 1/2 levels left

rFire   . . .        a - +1 dagger (venom)
rCold   . . .        (no shield)
rNeg    . . .        s - +0 ring mail
rPois   .            (no helmet)
rElec   .            h - +0 cloak
rCorr   .            (no gloves)
SInv    .            (no boots)
Will    .....        (no amulet)
Stlth   ++           (no ring)
HPRegen 0.25/turn    (no ring)
MPRegen 0.09/turn

%: no passive effects
@: no status effects
A: high MP 1, forlorn, divine attributes
a: no special abilities


You were on level 3 of the Dungeon.
You visited 1 branch of the dungeon, and saw 6 of its levels.

You collected 105 gold pieces.

Inventory:

Hand Weapons
 a - a +1 dagger of venom (weapon)
 b - a +0 flail
 d - a +0 mace
 m - a +0 whip
Missiles
 o - 3 javelins
Armour
 h - a +0 cloak (worn)
 i - a +0 leather armour
 s - a +0 ring mail (worn)
Wands
 g - a wand of digging (2)
Scrolls
 c - a scroll of fog
 e - 2 scrolls of fear
 j - 2 scrolls of teleportation {unknown}
 k - a scroll of torment {unknown}
 l - 3 scrolls of identify {unknown}
 n - a scroll of vulnerability {unknown}
 q - a scroll of enchant armour {unknown}
Potions
 f - a potion of haste
 p - 5 potions of curing {unknown}
 r - a potion of might {unknown}
 t - 2 potions of resistance {unknown}


   Skills:
 - Level 2.6 Fighting
 + Level 4.1 Maces & Flails
 - Level 1.7 Dodging
 - Level 4.5 Stealth


You had one spell level left.
You knew the following spells:

 Your Spells              Type           Power      Damage    Failure   Level
a - Summon Small Mammal   Summ           0%         N/A       52%         1

Your spell library contained the following spells:

 Spells                   Type           Power      Damage    Failure   Level
 Call Canine Familiar     Summ           0%         N/A       88%         3
 Summon Guardian Golem    Hex/Summ       0%         N/A       88%         3


Dungeon Overview and Level Annotations

Branches:
Dungeon (6/15)             Temple (0/1) D:4

Annotations:
D:4 exclusion: ogre
D:5 exclusions: 2 hounds and scorpion


Innate Abilities, Weirdness & Mutations

You have an increased reservoir of magic. (+10% MP)
You shall have no god before yourself.
Your divine heritage dramatically boosts your attributes as you level up.


Message History

There is a stone staircase leading up here.
You climb upwards.
There is a stone staircase leading down here.
You start resting.
HP restored.
You climb downwards.
The gnoll hits you from afar with a +1 halberd of protection!
There is a stone staircase leading up, spattered with blood here.
There is an open door here.
Okay, then.
Unknown command.
Casting: Summon Small Mammal (safe; 52% risk of failure)
Confirm with . or Enter, or press ? or * to list all spells.
The gnoll misses your bat.
You open the door. Your bat misses the gnoll.
Your bat barely misses the gnoll.
The gnoll misses your bat.
Your bat hits the gnoll but does no damage.
The gnoll hits your bat with a +1 halberd of protection!!
Your bat dies!
Your bat's corpse disappears in a puff of smoke!
There is an open door here.
Throw: 4 javelins
Press: ? - help, Shift-Dir - straight line, f - gnoll
Aim: a gnoll, wielding a +1 halberd of protection (60% to hit)
You throw a javelin. The javelin pierces through the gnoll.
The gnoll is lightly wounded.
Unknown command.
Unknown command.
The gnoll closely misses you.
You hit the gnoll but do no damage.
The gnoll is lightly wounded.
The gnoll hits you with a +1 halberd of protection!
You hit the gnoll but do no damage.
The gnoll is lightly wounded.
The gnoll hits you with a +1 halberd of protection!
* * * LOW HITPOINT WARNING * * *
Unknown command.
Unknown command.
The gnoll hits you from afar with a +1 halberd of protection!
You die...

#......######..........##...#
#####......# #..........##...#
.....>.....# #........((##...#
.####......# #..........##...#
.#......#<## #..>.......######
.#.##..g#.# #..........# #..
..........# #..........# #..
##.####'#########..........####..
...#...#.(....g.@..........'.>...
##.#._.#..#######..........#.....
####...#....# ############..... #
#≈≈≈#....# #..... # #...#....#
#..... # #._.#....# #..... #
##...#....# ########### #.....
#'####....####.........# #.....
###......................# #.....


You could see a gnoll.

Vanquished Creatures
  An adder (D:3)
  A worm (D:2)
  A dart slug (D:3)
  An orc (D:5)
  2 bats
  6 endoplasms
  6 giant cockroaches
  6 goblins
  6 hobgoblins
  4 jackals
  4 quokkas
  3 ball pythons
  4 frilled lizards
  7 kobolds
  5 rats
57 creatures vanquished.

Vanquished Creatures (collateral kills)
  A bat (D:1)
1 creature vanquished.

Grand Total: 58 creatures vanquished

Notes
Turn   | Place    | Note
-------+----------+-------------------------------------------
     0 | D:5      | drugrobin the Demigod Delver began the quest for the Orb.
     0 | D:5      | Reached XP level 1. HP: 18/18 MP: 3/3
    20 | D:5      | Noticed a hound
    39 | D:5      | Noticed a scorpion
    67 | D:5      | Noticed a hound
   244 | D:5      | Noticed an ogre
   281 | D:6      | Noticed an ogre
   394 | D:4      | Noticed an ogre
   435 | D:4      | Found a staircase to the Ecumenical Temple.
   443 | D:4      | Noticed an iguana
   516 | D:3      | Reached XP level 2. HP: 25/25 MP: 4/4
   663 | D:1      | Learned a level 1 spell: Summon Small Mammal
  1095 | D:1      | Reached XP level 3. HP: 30/30 MP: 5/5
  3150 | D:3      | Slain by a gnoll

Illustrated notes

Levels and vault maps discovered:
D:1:      minmay_arrival_hallway, layout_loops_cross
D:2:      layout_basic
D:3:      layout_basic, mainiacjoe_overflow_divided_tiny,
          nicolae_dithmenos_through_a_glass_darkly, kennysheep_generic_room_6
D:4:      layout_rooms, lemuel_crystal_altar, lightli_temple_of_fire,
          minmay_temple_entry_statues_pillars, serial_glass, glass_columns_b,
          glass_columns_b, glass_columns_a, glass_columns_c, glass_columns_a,
          glass_columns_a, nicolae_shop_overcharged_wands
D:5:      layout_basic, mainiacjoe_overflow_tiny_flanked, kennysheep_mini,
          nicolae_elyvilon_temple_path, chequers_temple_overflow_minitemple,
          st_stairs_14, minivault_14, hangedman_decor_diamond_cutter
D:6:      minmay_opposing_rooms, layout_loops_ring,
          mainiacjoe_overflow_24_doors, nicolae_overflow_crystal_walls

Skill      XL: |  1  2  3 |
---------------+----------+-----
Maces & Flails | 2 3 4 |  4.1
Fighting       | |  2.6
Dodging        | |  1.7
Stealth        | |  4.5

Action                     || total
---------------------------++-------
  Melee: Flail             ||    70
         Mace              ||     7
         Dagger            ||    70
         Punch             ||     2
  Throw: Javelin           ||     6
   Cast: Summon Small Mamm ||     4
  Evoke: Wand              ||     1
    Use: Scroll            ||     1
   Stab: Sleeping          ||    12
 Armour: Leather armour    ||    32
         Ring mail         ||    19
  Dodge: Dodged            ||    97

Table legend: (Time is in decaauts)
 A = Elapsed time spent in this place.
 B = Non-inter-level travel time spent in this place.
 C = Inter-level travel time spent in this place.
 D = Time resting spent in this place.
 E = Time spent auto-exploring this place.
 F = Levels seen in this place.
 G = Mean time per level.
                   A        B        C        D        E       F      G
               +--------+--------+--------+--------+--------+-----+--------+
         Total |   3173 |   3027 |    146 |    138 |   2005 |   6 |  528.8 |
       Dungeon |   3173 |   3027 |    146 |    138 |   2005 |   6 |  528.8 |
               +--------+--------+--------+--------+--------+-----+--------+

Top non-repeatable levels by time:
     D:3: 977 daAuts
     D:2: 902 daAuts
     D:1: 841 daAuts
     D:5: 351 daAuts
     D:4: 65 daAuts
     D:6: 35 daAuts
